 Dungeon Crawl Stone Soup version 0.32-a0-899-geb5ba95c15 (webtiles) character file.

Game seed: 16185697873908943836

86 Ajdolov the Trooper (level 4, -7/40 HPs)
             Began as an Armataur Monk on Apr 5, 2024.
             Killed by divine providence
             ... invoked by an orc priest
              (14 damage)
             ... on level 3 of the Dungeon.
             The game lasted 00:02:09 (1685 turns).

Ajdolov the Trooper (Armataur Monk)                 Turns: 1685, Time: 00:02:09

Health: -7/40      AC:  8    Str: 18    XL:     4   Next: 26%
Magic:  4/4        EV:  8    Int: 11    God:
Gold:   105        SH:  0    Dex: 15    Spells: 3/3 levels left

rFire   . . .        a - +0 mace
rCold   . . .        d - orb {light}
rNeg    . . .        o - +1 ring mail "Ugroi" {Dex+3}
rPois   .            l - +0 helmet
rElec   .            (no cloak)
rCorr   .            i - +0 pair of gloves
SInv    .            (no barding)
Will    .....        (no amulet)
Stlth   +            (no ring)
HPRegen 0.26/turn    (no ring)
MPRegen 0.09/turn

%: roll
@: glowing
A: large, deformed body, tough skin 3, armoured tail, rollpage 1
a: Convert to Beogh


You were on level 3 of the Dungeon.
You visited 1 branch of the dungeon, and saw 3 of its levels.

You collected 105 gold pieces.

Inventory:

Hand Weapons
 a - a +0 mace (weapon)
Armour
 d - an orb of light (worn)
 i - a +0 pair of gloves (worn)
 l - a +0 helmet (worn)
 o - the +1 ring mail "Ugroi" (worn) {Dex+3}
   (You took it off a kobold on level 2 of the Dungeon)

   Dex+3:     It affects your dexterity (+3).
Scrolls
 e - 3 scrolls of teleportation {unknown}
 f - a scroll of revelation {unknown}
 j - a scroll of poison {unknown}
 m - a scroll of blinking {unknown}
 n - a scroll of vulnerability {unknown}
Potions
 c - a potion of ambrosia
 g - 2 potions of curing {unknown}
 h - 2 potions of cancellation {unknown}
 k - 2 potions of brilliance {unknown}


   Skills:
 + Level 3.8 Fighting
 + Level 3.8 Maces & Flails
 - Level 2.1 Dodging


You had 3 spell levels left.
You didn't know any spells.
Your spell library contained the following spells:

 Spells                   Type           Power      Damage    Failure   Level
 Freeze                   Ice            0%         1d3       54%         1
 Frozen Ramparts          Ice            0%         1d1       88%         3
 Hailstorm                Conj/Ice       0%         3d5       88%         3


Dungeon Overview and Level Annotations

Branches:
Dungeon (3/15)

Altars:
Dithmenos


Innate Abilities, Weirdness & Mutations

Armour fits poorly on your strangely shaped body.
You have extremely tough skin. (AC +3)
You have a long armoured tail.
You regenerate magic when rolling toward enemies. (Rampage MPRegen)


Message History

The orc priest mumbles some strange prayers to Beogh against you.
Beogh smites you!
The orc wizard hits you with a +0 dagger.
The orc barely misses you.
The orc priest shouts, "The Pantheon deserves no one's loyalty.
Let us show you the true path!" (press Y on the ability menu to convert to Beogh)
You barely miss the orc wizard.
The orc wizard is severely wounded.
The orc wizard hits you with a +0 dagger.
The orc priest calls upon Beogh to heal the orc wizard.
The orc wizard is healed somewhat.
The orc hits you but does no damage.
You completely miss the orc wizard.
The orc wizard is moderately wounded.
The orc wizard gestures at you while chanting.
The puff of flame hits you.
The orc hits you from afar with a +0 trident.
Unknown command.
You hit the orc wizard. You tail-slap the orc wizard.
The orc wizard is almost dead.
The orc wizard hits you but does no damage.
The orc priest calls upon Beogh to heal the orc wizard.
The orc wizard is healed somewhat.
The orc hits you from afar with a +0 trident!
* * * LOW HITPOINT WARNING * * *
You hit the orc wizard but do no damage.
The orc wizard is heavily wounded.
The orc wizard hits you but does no damage.
The orc closely misses you. x2
The orc wizard hits you but does no damage.
You hit the orc wizard.
The orc wizard is severely wounded.
The orc wizard casts a spell.
The orc wizard flickers and vanishes for a moment.
The orc hits you but does no damage.
Unknown command.
You hit the orc wizard.
You kill the orc wizard!
The orc priest mumbles some strange prayers to Beogh against you.
Beogh smites you!
You die...

##########
#........#
#........#
####........#
#o$@......(.#
#..o##.$......#
#...#
####.##### ...
#.#######. . #
#......... .
#.######## ###.
###.# #######
#. #.. #...#
#...... ...###
#.# #...#
#......


You could see an orc priest and an orc.

Vanquished Creatures
  An iguana (D:2)
  An orc wizard (D:3)
  An adder (D:3)
  A ribbon worm (D:2)
  4 orcs (D:3)
  6 bats
  6 endoplasms
  A giant cockroach (D:2)
  3 goblins (D:1)
  3 hobgoblins
  2 jackals (D:1)
  5 kobolds
  A quokka (D:3)
  A ball python (D:1)
  4 rats
40 creatures vanquished.

Notes
Turn   | Place    | Note
-------+----------+-------------------------------------------
     0 | D:1      | Ajdolov the Armataur Monk began the quest for the Orb.
     0 | D:1      | Reached XP level 1. HP: 18/18 MP: 1/1
   251 | D:1      | Reached XP level 2. HP: 22/26 MP: 2/2
  1082 | D:2      | Reached XP level 3. HP: 31/31 MP: 3/3
  1160 | D:2      | Found a shadowy altar of Dithmenos.
  1328 | D:2      | Identified the +1 ring mail "Ugroi" {Dex+3}
  1558 | D:3      | Reached XP level 4. HP: 38/40 MP: 4/4
  1685 | D:3      | Killed from afar by an orc priest

Illustrated notes

Levels and vault maps discovered:
D:1:      heliophobic_arrival_henge, layout_basic, serial_bayou_lake_a
D:2:      layout_basic, basic_altar, grunt_decor_junction, dk_vineyard_1,
          minmay_tetromino_l4
D:3:      layout_rooms, uniq_ijyb, uniq_sigmund

Skill      XL: |  1 |
---------------+----+-----
Fighting       | 3 |  3.8
Maces & Flails | 3 |  3.8
Dodging        | |  2.1

Action                     |  1- 3 |  4- 6 || total
---------------------------+-------+-------++-------
  Melee: Mace              |    81 |    23 ||   104
         Tailslap          |    11 |     5 ||    16
 Armour: Leather armour    |    26 |       ||    26
         Robe              |     2 |       ||     2
         Ring mail         |    30 |    30 ||    60
  Dodge: Dodged            |    43 |    17 ||    60

Table legend: (Time is in decaauts)
 A = Elapsed time spent in this place.
 B = Non-inter-level travel time spent in this place.
 C = Inter-level travel time spent in this place.
 D = Time resting spent in this place.
 E = Time spent auto-exploring this place.
 F = Levels seen in this place.
 G = Mean time per level.
                   A        B        C        D        E       F      G
               +--------+--------+--------+--------+--------+-----+--------+
         Total |   1708 |   1677 |     31 |      0 |   1317 |   3 |  569.3 |
       Dungeon |   1708 |   1677 |     31 |      0 |   1317 |   3 |  569.3 |
               +--------+--------+--------+--------+--------+-----+--------+

Top non-repeatable levels by time:
     D:1: 790 daAuts
     D:2: 746 daAuts
     D:3: 172 daAuts
